 Dungeon Crawl Stone Soup version 0.28-b1-70-g80dc712255 (webtiles) character file.

Game seed: 9609169369591681568

2 tizbic2 the Magician (level 1, -1/16 HPs)
             Began as a Djinni Venom Mage on Feb 3, 2022.
             Slain by an endoplasm (3 damage)
             ... on level 1 of the Dungeon.
             The game lasted 00:01:44 (189 turns).

tizbic2 the Magician (Djinni Venom Mage)             Turns: 189, Time: 00:01:44

Health: -1/16      AC:  2    Str:  7    XL:     1   Next: 44%
Gold:   13         EV: 12    Int: 16    God:
                   SH:  0    Dex: 13

rFire   + + .      SeeInvis .   a - +0 club
rCold   x . .      Faith    .   (no shield)
rNeg    . . .      Spirit   .   c - +0 robe
rPois   ∞          Reflect  .   (no helmet)
rElec   .          Harm     .   (no cloak)
rCorr   .          Rampage  .   (no gloves)
Will    .....                   (boots unavailable)
Stlth   ++........              (no amulet)
HPRegen 0.05/turn               (no ring)
MPRegen 0.00/turn               (no ring)

@: flying
A: sickness immunity, fire resistance 2, cold vulnerability 1, float, innate
caster, HP casting, extra vitality 1
a: no special abilities


You were on level 1 of the Dungeon.
You visited 1 branch of the dungeon, and saw 1 of its levels.

You collected 13 gold pieces.

Inventory:

Hand Weapons
 a - a +0 club (weapon)
Missiles
 b - 23 stones
Armour
 c - a +0 robe (worn)


   Skills:
 * Level 0.8 Fighting
 - Level 2.1 Dodging
 - Level 1.5 Stealth
 - Level 2.4 Spellcasting


You couldn't memorise any spells.
You knew the following spells:

 Your Spells              Type           Power      Damage    Failure   Level
a - Sting                 Tmut/Pois      36%        1d4       8%          1
b - Poisonous Vapours     Pois/Air       18%        N/A       11%         2
c - Mephitic Cloud        Conj/Pois/Air  9%         N/A       22%         3
d - Olgreb's Toxic Radia  Pois           9%         N/A       58%         4
Your spell library was empty.

Dungeon Overview and Level Annotations

Branches:
Dungeon (1/15)

Altars:


Innate Abilities, Weirdness & Mutations

You are immune to sickness and miasma.
You are immune to poison.
Your flesh is very heat resistant. (rF++)
You are vulnerable to cold. (rC-)
You float through the air rather than walking.
You learn spells naturally, not from books.
Your magical power is your life essence.
You have superior vitality. (+4 MHP)


Message History

You hit the goblin.
You kill the goblin!
Things that are here:
a +0 club; a goblin corpse
a - a +0 club The endoplasm completely misses you.
The endoplasm freezes you.
You are frozen.
You feel a terrible chill!
* * * LOW HITPOINT WARNING * * *
The endoplasm misses you.
You aren't carrying any potions.
You aren't carrying any scrolls.
You see here a +0 spear.
Casting: Sting (safe; 8% risk of failure)
Confirm with . or Enter, or press ? or * to list all spells.
Aiming: Sting (safe; 8% risk of failure)
Press: ? - help, Shift-Dir - straight line, f - endoplasm
Aim: an endoplasm (97% to hit)
You miscast Sting.
You are very lightly contaminated with residual magic.
Nothing appears to happen.
* * * LOW HITPOINT WARNING * * *
The endoplasm hits you but does no damage.
Your magical contamination has completely faded away.
A rat comes into view.
You see here a +0 spear.
Press: ? - help, v - describe, . - travel
Here: an endoplasm The floor.
a - a +0 club (weapon)
You hit the endoplasm.
The endoplasm is moderately wounded.
The endoplasm hits you.
* * * LOW HITPOINT WARNING * * *
The endoplasm closely misses you.
You see here a +0 spear.
You hit the endoplasm.
The endoplasm is moderately wounded.
The endoplasm hits you.
You die...

#.........#..## ##(..#
...?.....##..## ##..#.#
..........#...## ##..##.#
........#)#.†..# #...##.#
........#r#...## ##..##.#
........#....[.###..###.#
.......r##.#....#...##..#
........##.J...###..##.##
..........#.@...#....#.#
#.#.......#............#
....##....##....#####.##
#.#. #....##..### #..#
... #....###.## #.## ..
#....###..#####[#
#...............#
#..............##
#....#.#.......#


You could see an endoplasm and a rat.

Vanquished Creatures
  A goblin (D:1)
  A hobgoblin (D:1)
2 creatures vanquished.

Notes
Turn   | Place    | Note
-------+----------+-------------------------------------------
     0 | D:1      | tizbic2 the Djinni Venom Mage began the quest for the Orb.
     0 | D:1      | Reached XP level 1. HP: 15/15 MP: 0/0
   189 | D:1      | Slain by an endoplasm

Illustrated notes

Levels and vault maps discovered:
D:1:      evilmike_arrival_crescent, layout_basic, serial_glass,
          glass_columns_a, glass_columns_a, roderic_lattice_a,
          minmay_misc_feat_secret_circle, nicolae_figureground_pulse

Action                   || total
-------------------------++-------
Melee: Unarmed           ||     6
       Club              ||     2
 Cast: Sting             ||     3
Armor: Robe              ||     1
Dodge: Dodged            ||     9
